 Dungeon Crawl Stone Soup version 0.23.2-40-g277498a001 (webtiles) character file.

Game seed: 1783403747599712441

122067 DEFE the Spry (level 16, -3/85 HPs)
             Began as a Spriggan Fighter on Sept 18, 2019.
             Was the Champion of the Shining One.
             Killed from afar by Bai Suzhen (36 damage)
             ... with a torrent of water
             ... on level 2 of the Swamp on Sept 19, 2019.
             The game lasted 01:10:48 (32837 turns).

DEFE the Spry (Spriggan Fighter)                   Turns: 32837, Time: 01:10:49

Health: -3/85      AC: 12    Str: 17    XL:     16   Next: 33%
Magic:  19/24      EV: 32    Int: 11    God:    the Shining One [******]
Gold:   1292       SH:  8    Dex: 16    Spells: 15/15 levels left

rFire    + . .     SeeInvis +   R - +8 whip "Snakebite" {curare, rPois}
rCold    + . .     Gourm    .   c - +0 buckler
rNeg     + + +     Faith    .   F - +0 swamp dragon scales
rPois    +         Spirit   .   (helmet restricted)
rElec    +         Reflect  .   r - +0 cloak
rCorr    +         Harm     .   (gloves unavailable)
MR       ++...                  (boots unavailable)
Stlth    +.........             s - amulet of regeneration
HPRegen  0.64/turn              i - +3 ring of protection
MPRegen  0.19/turn              A - +1 ring of protection

@: resistant, glowing, very quick
A: very small, unfitting armour, see invisible, herbivore, speed 3, slow
metabolism 2
a: Divine Shield, Cleansing Flame, Summon Divine Warrior, Brand Weapon With Holy
Wrath, Renounce Religion


You were on level 2 of the Swamp.
You worshipped the Shining One.
The Shining One was exalted by your worship.
You were very hungry.

You visited 5 branches of the dungeon, and saw 27 of its levels.
You also visited: Volcano.

You collected 3070 gold pieces.
You spent 1778 gold pieces at shops.

Inventory:

Hand Weapons
 a - a +4 flail of flaming
 b - a +0 blowgun
 v - the +1 rapier "Cora" {drain, Str+2}
   (You found it on level 9 of the Dungeon)

   A truly terrible weapon, it drains the life of those it strikes.
   It affects your strength (+2).
   The Shining One disapproves of the use of such an item.
 D - a +2 flail of crushing
 R - the +8 whip "Snakebite" (weapon) {curare, rPois}
   (You found it on level 3 of the Lair of Beasts)

   It poisons the flesh of those it strikes.
   It protects you from poison.
Missiles
 p - 100 poisoned needles (quivered)
 u - 2 needles of confusion
 U - 4 curare-tipped needles
Armour
 c - a +0 buckler (worn)
 q - a +2 troll leather armour {Snorg}
 r - a +0 cloak (worn)
 F - +0 swamp dragon scales (worn)
 Q - a +2 robe of resistance
Jewellery
 i - a +3 ring of protection (left hand)
 k - an uncursed ring of flight
 s - an amulet of regeneration (around neck)
 A - a +1 ring of protection (right hand)
 J - an uncursed ring of protection from magic
 L - an uncursed ring of protection from cold
Wands
 K - a wand of polymorph (9)
 P - a wand of paralysis (4)
 S - a wand of disintegration (7)
 T - a wand of acid (10)
 W - a wand of digging (7)
 Y - a wand of flame (12)
 Z - a wand of enslavement (15)
Scrolls
 e - 9 scrolls of teleportation
 g - 5 scrolls of enchant weapon
 h - 14 scrolls of remove curse
 l - 3 scrolls of identify
 n - 4 scrolls of magic mapping
 o - 4 scrolls of enchant armour
 t - 8 scrolls of amnesia
 y - a scroll of silence
 H - 2 scrolls of immolation
 O - a scroll of blinking
 V - a scroll of holy word
Potions
 d - 2 potions of might
 j - 9 potions of curing
 m - a potion of flight
 w - 6 potions of lignification
 x - 3 potions of resistance
 z - a potion of invisibility
 B - 2 potions of cancellation
 C - 2 potions of haste
 E - 3 potions of brilliance
 I - 2 potions of mutation
 M - 2 potions of agility
Miscellaneous
 G - a lightning rod (4/4)
 N - a sack of spiders
 X - a phial of floods
Comestibles
 f - 39 rations


   Skills:
 - Level 10.0 Fighting
 - Level 14.0 Maces & Flails
 - Level 20.0 Dodging
 + Level 6.4 Shields
 - Level 10.0 Invocations
 - Level 10.2 Evocations


You had 15 spell levels left.
You didn't know any spells.
Your spell library contained the following spells:

 Spells                   Type           Power        Failure   Level  Hunger
 Animate Skeleton         Necr           N/A          56%         1    ##.....
 Apportation              Tloc           #.....       56%         1    ##.....
 Confusing Touch          Hex            #.....       56%         1    ##.....
 Freeze                   Ice            #...         56%         1    ##.....
 Summon Small Mammal      Summ           #...         56%         1    ##.....
 Throw Frost              Conj/Ice       #.....       71%         2    ###....
 Ozocubu's Armour         Chrm/Ice       #.......     91%         3    ####...
 Summon Ice Beast         Ice/Summ       #.......     100%        4    #####..
 Throw Icicle             Conj/Ice       #.......     100%        4    #####..


Dungeon Overview and Level Annotations

Branches:
Dungeon (15/15)            Temple (1/1) D:5            Lair (6/6) D:11
  Swamp (3/4) Lair:3        Snake (0/4) Lair:2          Orc (2/2) D:11
    Elf (0/3) Orc:2        Vaults (0/5) D:13         Depths (0/5) D:15
  Slime: Lair:5-6

Altars:
Ashenzari
Cheibriados
Dithmenos
Elyvilon
Fedhas
Gozag
Hepliaklqana
Kikubaaqudgha
Makhleb
Nemelex Xobeh
Okawaru
Qazlal
Ru
Sif Muna
Trog
Uskayaw
Vehumet
Wu Jian
Xom
Yredelemnul
Zin
The Shining One
Beogh

Shops:
D:5 !   D:9 ?   D:13 }   Orc:2 (%=%:

Annotations:
D:2 1 runed translucent door, Crazy Yiuf
D:15 exclusion: Roxanne, Roxanne
Lair:2 exclusion: ice statue
Lair:5 exclusion: 3 oklob plants
Swamp:2 Bai Suzhen


Innate Abilities, Weirdness & Mutations

You are very small and have problems with some larger weapons.
You are too small for most types of armour.
You have supernaturally acute eyesight. (SInv)
You are a herbivore.
You cover ground extremely quickly.
You need to consume almost no food.


Message History

Bai Suzhen tramples your daeva but does no damage.
You hit Bai Suzhen but do no damage.
Bai Suzhen is severely wounded.
You are standing in a thunderstorm.
Unknown command.
You hit Bai Suzhen but do no damage.
Bai Suzhen is severely wounded.
You are standing in a thunderstorm.
Your daeva hits Bai Suzhen with a +2 scimitar of holy wrath.
Your daeva hits Bai Suzhen but does no damage.
You block Bai Suzhen's attack. Bai Suzhen closely misses you.
Bai Suzhen tramples you but does no damage.
You hit Bai Suzhen but do no damage.
Bai Suzhen is severely wounded.
Unknown command.
You whack Bai Suzhen!
Bai Suzhen is severely wounded.
Bai Suzhen breathes water at you. The torrent of water hits you!!!
You die...

≈≈≈§♣ ♣♣.§≈≈....#..≈≈≈.♣..≈♣♣≈≈≈≈
.≈≈.♣ ♣♣♣.≈≈≈......≈..≈...♣♣♣≈♣♣♣
...♣♣ ♣....≈≈≈###.≈.♣♣♣...≈♣♣♣♣.≈
≈..♣♣ ♣.≈≈≈≈≈≈....≈≈♣♣.≈≈.≈♣ ♣≈≈
≈≈≈.♣ ♣.≈≈..≈...≈♣.≈♣♣≈≈≈.≈♣♣♣♣..
≈≈≈.♣♣♣≈≈≈[.....≈♣♣♣♣≈.....≈.≈...
.≈≈..≈.≈..≈≈≈≈♣♣..≈♣♣.≈≈...≈...##
..≈...≈♣.≈≈≈≈.♣.≈..♣♣..≈..≈..|.#.
♣..♣≈§♣♣♣..≈.♣♣.@A≈≈≈≈≈.♣≈...(.#.
♣♣≈..≈♣ ♣♣♣..♣♣♣§D≈≈.♣♣♣♣♣.≈...##
♣♣.≈.♣ ♣♣♣♣ ♣♣....♣♣.≈≈≈≈≈..#.
♣♣..♣♣ ♣≈♣♣ ♣♣♣≈♣♣♣)≈.≈≈...#.
♣≈≈♣♣♣♣♣♣♣..♣ ♣≈≈≈≈≈≈≈≈≈...#.
♣.≈≈♣♣..≈≈≈.♣♣♣ ♣♣..≈≈≈≈≈≈...#.
♣.≈≈♣♣♣.≈≈≈...♣♣ ♣.≈≈≈≈≈≈≈≈†...
♣.§..♣♣.≈≈≈..≈.♣ ♣..§≈..§≈≈....
♣♣.≈≈≈≈♣.≈≈≈.≈≈.♣♣♣♣♣....♣...≈..≈


You could see Bai Suzhen and a friendly daeva.

Vanquished Creatures
  Rupert (D:13)
  An orc warlord (Orc:1)
  A dire elephant (Lair:6)
  Snorg (Orc:2)
  4 fire dragons
  Josephine (D:13)
  4 slime creatures
  3 ogre magi (D:15)
  10 hydras
  4 catoblepae
  A shambling mangrove (Swamp:2)
  7 centaur warriors
  5 death yaks (Lair:6)
  16 two-headed ogres
  10 alligators
  A deep troll shaman (Lair:6)
  A deep troll earth mage (D:14)
  A hell hog (Volcano)
  3 skeletal warriors
  A flayed ghost (D:14)
  An unseen horror (D:15)
  3 swamp dragons
  A harpy (shapeshifter) (D:15)
  A lindwurm (Lair:5)
  2 wolf spider zombies
  5 orc knights
  6 cyclopes
  2 deep elf magi
  2 orc sorcerers
  12 ugly things
  2 manticores
  3 black mambas
  9 elephants
  2 molten gargoyles (Volcano)
  4 torpor snails (Lair:4)
  6 gargoyles
  5 centaur skeletons
  16 spiny frogs
  2 rime drakes
  A komodo dragon (Lair:6)
  A kobold demonologist (D:11)
  A freezing wraith (Lair:2)
  An efreet (D:14)
  A meliai (D:14)
  2 polar bears (Lair:5)
  2 hornets
  3 tyrant leeches
  9 trolls
  3 bog bodies
  10 blink frogs
  5 dream sheep (Lair:5)
  12 hippogriffs
  Sigmund (D:3)
  A shadow (Swamp:2)
  3 spriggans
  A wyvern (D:15)
  6 wraiths
  A vampire (D:12)
  2 hungry ghosts
  2 fire bats (Volcano)
  16 humans (D:13)
  A basilisk (Lair:3)
  3 steam dragons
  33 yaks
  11 vampire mosquitoes
  A two-headed ogre zombie (D:11)
  7 swamp worms
  2 nagas (Lair:2)
  7 insubstantial wisps
  A warg (Orc:1)
  20 water moccasins
  2 hell hounds (Volcano)
  2 acid dragons
  A hornet zombie (D:11)
  11 porcupines
  An eye of draining (D:12)
  A sky beast (D:15)
  5 swamp drakes
  35 orc warriors
  7 ice beasts
  2 phantoms
  4 black bears
  19 ogres
  9 wolves
  A boggart (D:14)
  25 centaurs
  11 crocodiles
  8 big kobolds
  12 bullfrogs
  A wyvern skeleton (D:10)
  A troll zombie (D:11)
  4 scorpions
  22 killer bees
  10 wights
  A howler monkey (D:10)
  4 lava snakes (Volcano)
  2 crimson imps
  2 bullfrog zombies
  A wyvern simulacrum (D:13)
  5 centaur zombies
  7 jellies
  20 orc priests
  4 hounds
  16 orc wizards
  A bullfrog skeleton (D:7)
  8 iguanas
  8 worker ants
  5 ogre zombies (D:11)
  A hound skeleton (D:4)
  Robin (D:2)
  A howler monkey skeleton (D:4)
  15 adders
  4 shadow imps
  5 white imps (Lair:2)
  An ooze (D:4)
  An adder skeleton (D:7)
  A worm (D:4)
  A dart slug (D:2)
  4 leopard geckos
  62 orcs
  2 ball pythons
  4 giant cockroaches
  15 goblins
  9 hobgoblins
  12 jackals
  6 quokkas
  7 bats
  9 frilled lizards
  A goblin skeleton (D:11)
  A goblin zombie (D:11)
  5 hobgoblin skeletons (D:11)
  3 hobgoblin zombies (D:11)
  36 kobolds
  2 orc skeletons (D:11)
  13 orc zombies (D:11)
  9 rats
839 creatures vanquished.

Vanquished Creatures (collateral kills)
  A thorn hunter (Swamp:1)
  A gargoyle (D:12)
  A slime creature (D:13)
  A hippogriff (D:10)
  A wraith (D:13)
  A hungry ghost (D:11)
  An insubstantial wisp (Swamp:1)
  A sky beast (D:12)
  An ogre (Orc:1)
  A centaur (D:10)
  A hound (D:10)
  A shadow imp (D:10)
  3 orcs (Orc:1)
  A kobold (D:11)
16 creatures vanquished.

Vanquished Creatures (others)
  A cyclops (D:14)
  A freezing wraith (D:14)
  A troll (Orc:1)
  A basilisk (Lair:3)
  A warg (Orc:1)
  An orc warrior (Orc:1)
  3 fungi
  10 plants
  7 toadstools (Lair:2)
26 creatures vanquished.

Grand Total: 881 creatures vanquished

Notes
Turn   | Place    | Note
-------+----------+-------------------------------------------
     0 | D:1      | DEFE the Spriggan Fighter began the quest for the Orb.
     0 | D:1      | Reached XP level 1. HP: 11/11 MP: 2/2
   188 | D:1      | Reached XP level 2. HP: 6/16 MP: 3/3
   767 | D:1      | Reached XP level 3. HP: 18/19 MP: 4/4
  1176 | D:2      | Found a faded altar of an unknown god.
  1178 | D:2      | Identified the +1 helmet of the Arcane {Str+3 Int+7}
  1178 | D:2      | Noticed Robin
  1662 | D:2      | Killed Robin
  1662 | D:2      | Reached XP level 4. HP: 22/23 MP: 5/5
  2522 | D:2      | Found a runed translucent door.
  2523 | D:2      | Noticed Crazy Yiuf
  3146 | D:3      | Reached XP level 5. HP: 21/27 MP: 6/6
  3232 | D:3      | Reached skill level 1 in Evocations
  3687 | D:3      | Noticed Sigmund
  3691 | D:3      | Killed Sigmund
  3691 | D:3      | Reached XP level 6. HP: 32/32 MP: 7/9
  3885 | D:4      | Noticed an ice beast
  3899 | D:4      | Killed an ice beast
  4341 | D:4      | Reached skill level 5 in Evocations
  4341 | D:4      | Reached XP level 7. HP: 25/35 MP: 11/11
  4518 | D:4      | Reached skill level 5 in Maces & Flails
  5793 | D:5      | Entered Level 5 of the Dungeon
  5834 | D:5      | Found Goxinkett's Distillery.
  5841 | D:5      | Bought a potion of invisibility for 112 gold pieces
  5841 | D:5      | Bought a potion of curing for 42 gold pieces
  5859 | D:5      | Found a staircase to the Ecumenical Temple.
  5869 | Temple   | Entered the Ecumenical Temple
  5962 | Temple   | Became a worshipper of the Shining One
  7160 | D:6      | Reached XP level 8. HP: 39/39 MP: 14/14
  8154 | D:7      | Reached * piety under the Shining One
  8470 | D:7      | Noticed a troll
  8473 | D:7      | Noticed a deep elf mage
  8474 | D:7      | Killed a troll
  8474 | D:7      | Killed a deep elf mage
  8474 | D:7      | Reached skill level 10 in Evocations
  8474 | D:7      | Reached XP level 9. HP: 43/43 MP: 15/17
  8621 | D:7      | You fall through a shaft for 3 floors!
  8621 | D:10     | Entered Level 10 of the Dungeon
  8943 | D:8      | Noticed a two-headed ogre
  9005 | D:8      | Killed a two-headed ogre
  9168 | D:8      | Found an ancient bone altar of Kikubaaqudgha.
  9253 | D:8      | Reached ** piety under the Shining One
  9825 | D:9      | Noticed a troll
  9836 | D:8      | Reached XP level 10. HP: 46/47 MP: 18/18
 10019 | D:9      | Reached skill level 5 in Invocations
 10543 | D:9      | Got an iridescent rapier
 10544 | D:9      | Identified the cursed +1 rapier "Cora" {drain, Str+2} (You
                  | found it on level 9 of the Dungeon)
 10959 | D:9      | Found Tiengo's Magic Scroll Emporium.
 10962 | D:9      | Bought a scroll of magic mapping for 49 gold pieces
 10962 | D:9      | Bought a scroll of enchant armour for 105 gold pieces
 11410 | D:10     | Noticed a gargoyle
 11430 | D:10     | HP: 2/70 [gargoyle/+0 mace (17)]
 11431 | D:10     | Killed a gargoyle
 11440 | D:10     | HP: 2/47 [killer bee (3)]
 12213 | D:10     | Reached XP level 11. HP: 33/51 MP: 19/19
 12224 | D:10     | Reached skill level 10 in Maces & Flails
 12443 | D:11     | Noticed a white ugly thing
 12502 | D:11     | Noticed a purple ugly thing
 12547 | D:10     | Killed a purple ugly thing
 12577 | D:11     | Reached *** piety under the Shining One
 12591 | D:11     | You fall through a shaft for 3 floors!
 12785 | D:11     | Found a staircase to the Lair.
 12909 | D:11     | Reached **** piety under the Shining One
 13212 | D:11     | Noticed a sun demon
 13557 | D:11     | Killed a white ugly thing
 13557 | D:11     | Reached skill level 10 in Invocations
 13722 | D:11     | Found a staircase to the Orcish Mines.
 13738 | D:11     | Reached ***** piety under the Shining One
 14048 | Lair:1   | Entered Level 1 of the Lair of Beasts
 14048 | Lair:1   | Found a stormy altar of Qazlal.
 14148 | Lair:1   | Noticed a five-headed hydra
 14357 | Lair:1   | Reached skill level 5 in Dodging
 14424 | D:11     | Reached XP level 12. HP: 45/56 MP: 20/20
 14489 | Lair:1   | Reached skill level 6 in Dodging
 14523 | Lair:1   | Reached skill level 7 in Dodging
 15395 | Lair:2   | Reached skill level 8 in Dodging
 15555 | Lair:2   | Found a staircase to the Snake Pit.
 15806 | Lair:2   | Reached skill level 9 in Dodging
 16763 | Lair:3   | Reached skill level 10 in Dodging
 16979 | Lair:3   | Found the +8 whip "Snakebite" {curare, rPois}
 17309 | Lair:3   | Reached skill level 11 in Dodging
 17333 | Lair:3   | Found a staircase to the Swamp.
 18100 | Lair:4   | Found a snail-covered altar of Cheibriados.
 18715 | Lair:5   | Reached XP level 13. HP: 59/59 MP: 21/21
 18748 | Lair:5   | Reached skill level 12 in Dodging
 18831 | Lair:5   | Noticed Sonja
 18832 | Lair:5   | Noticed Sonja
 18832 | Lair:5   | Sonja changed into Sonja the polar bear
 18846 | Lair:5   | Killed Sonja the polar bear
 19474 | Lair:5   | Reached skill level 13 in Dodging
 19616 | Lair:6   | Entered Level 6 of the Lair of Beasts
 19979 | Lair:6   | Reached skill level 14 in Dodging
 20677 | Lair:6   | Reached skill level 15 in Dodging
 20742 | Lair:6   | Noticed a dire elephant
 20839 | Lair:6   | Killed a dire elephant
 21553 | D:12     | Reached XP level 14. HP: 63/63 MP: 22/22
 21863 | D:12     | Reached ****** piety under the Shining One
 22104 | Orc:1    | Entered Level 1 of the Orcish Mines
 22205 | Orc:1    | Found a dark tunnel.
 22218 | Volcano  | Entered a volcano
 22508 | Volcano  | Found a radiant altar of Vehumet.
 22692 | Volcano  | Reached skill level 16 in Dodging
 22981 | Orc:1    | Noticed an orc warlord
 23036 | Orc:1    | Killed an orc warlord
 23087 | Orc:2    | Entered Level 2 of the Orcish Mines
 23678 | Orc:2    | HP: 3/65 [cyclops/large rock (44)]
 24476 | Orc:2    | Found a staircase to the Elven Halls.
 24641 | Orc:2    | Found Gaj Banu's Book Shop.
 24901 | Orc:2    | Reached skill level 17 in Dodging
 25507 | Orc:2    | Found Norit's Jewellery Emporium.
 25507 | Orc:2    | Found Dahutyos's Food Boutique.
 25509 | Orc:2    | Found Imnopt's Antique Weapon Shop.
 25511 | Orc:2    | Found Enked's Food Shoppe.
 25631 | Orc:2    | Noticed Snorg
 25646 | Orc:2    | Killed Snorg
 25916 | Orc:1    | Found a roughly hewn altar of Beogh.
 26128 | D:13     | Found a gate to the Vaults.
 26128 | D:13     | Noticed Rupert
 26175 | D:13     | Killed Rupert
 26267 | D:13     | Reached skill level 5 in Fighting
 26464 | D:13     | Found Fiuwn's Gadget Emporium.
 26467 | D:13     | Bought a wand of disintegration (14) for 270 gold pieces
 26467 | D:13     | Bought a phial of floods for 600 gold pieces
 26467 | D:13     | Bought a box of beasts for 300 gold pieces
 26467 | D:13     | Bought a box of beasts for 300 gold pieces
 26655 | D:13     | Noticed Josephine
 26668 | D:13     | Killed Josephine
 26674 | D:13     | Reached skill level 18 in Dodging
 27781 | D:14     | Reached XP level 15. HP: 59/74 MP: 23/23
 28056 | D:14     | Found an iron altar of Okawaru.
 28317 | D:14     | Reached skill level 19 in Dodging
 28360 | D:14     | The Shining One protects you from harm!
 28731 | D:15     | Entered Level 15 of the Dungeon
 29173 | D:15     | Found a bloodstained altar of Trog.
 29383 | D:15     | Found a staircase to the Depths.
 29504 | D:15     | Reached skill level 20 in Dodging
 29614 | D:15     | Noticed Roxanne
 30430 | Swamp:1  | Entered Level 1 of the Swamp
 30636 | Swamp:1  | Reached skill level 10 in Fighting
 30842 | Swamp:1  | Noticed a thorn hunter
 30874 | Swamp:1  | Killed a thorn hunter
 30874 | Swamp:1  | Reached XP level 16. HP: 9/85 MP: 6/24
 31619 | Swamp:2  | Reached skill level 5 in Shields
 31801 | Swamp:2  | Goblin1989: дампани
 32644 | Swamp:3  | Noticed Bai Suzhen
 32837 | Swamp:2  | Killed from afar by Bai Suzhen

Skill      XL: |  1  2  3  4  5  6  7  8  9 10 11 12 13 14 15 16 |
---------------+-------------------------------------------------+-----
Maces & Flails | 2 3 4 5 7 8 9 11 12 13 14 | 14.0
Evocations     | 3 5 7 10 | 10.2
Invocations    | 4 7 10 | 10.0
Dodging        | 5 11 15 18 20 | 20.0
Fighting       | 6 10 | 10.0
Shields        | 3 6 |  6.4

Action                   |  1- 3 |  4- 6 |  7- 9 | 10-12 | 13-15 | 16-18 || total
-------------------------+-------+-------+-------+-------+-------+-------++-------
Melee: Flail             |   143 |   178 |   301 |  1080 |    56 |       ||  1758
       Whip              |       |       |       |    87 |  1844 |   325 ||  2256
 Fire: Blowgun           |       |     7 |   102 |     7 |     7 |       ||   123
Invok: Divine Shield     |       |       |       |    13 |     2 |       ||    15
       Cleansing Flame   |       |       |       |     1 |     6 |       ||     7
       Summon Divine War |       |       |       |       |     1 |     1 ||     2
Evoke: Wand              |       |     5 |     7 |    11 |    40 |     9 ||    72
       Lightning rod     |       |       |       |     8 |    16 |       ||    24
       Box of beasts     |       |       |       |     4 |       |       ||     4
       Sack of spiders   |       |       |       |       |     1 |       ||     1
       Phial of floods   |       |       |       |       |     1 |       ||     1
  Use: Scroll            |       |       |    10 |    17 |     8 |     1 ||    36
       Potion            |       |       |       |     7 |     5 |     1 ||    13
 Stab: Sleeping          |       |     2 |       |       |       |       ||     2
  Eat: Ration            |       |     1 |     3 |     8 |     8 |     1 ||    21
Armor: Robe              |    14 |     5 |    22 |   160 |    51 |       ||   252
       Swamp dragon scal |       |       |       |       |     7 |    27 ||    34
Dodge: Dodged            |   154 |   159 |   194 |   746 |   968 |   209 ||  2430
Block: Buckler           |    54 |    49 |    80 |   386 |   248 |    66 ||   883
